 Dungeon Crawl Stone Soup version 0.27.1-33-g824d729ab1 (webtiles) character file.

Game seed: 12145769745830863965

225 Gabide the Poker (level 6, -2/47 HPs)
             Began as a Human Monk on Dec 7, 2021.
             Was a Believer of Fedhas.
             Slain by an orc (7 damage)
             ... on level 3 of the Dungeon.
             The game lasted 00:07:23 (2893 turns).

Gabide the Poker (Human Monk)                       Turns: 2893, Time: 00:07:24

Health: -2/47      AC:  5    Str: 19    XL:     6   Next: 21%
Magic:  6/6        EV: 13    Int: 10    God:    Fedhas [**....]
Gold:   109        SH:  0    Dex: 16    Spells: 5/5 levels left

rFire    . . .     SeeInvis .   a - +0 spear
rCold    + . .     Faith    .   (no shield)
rNeg     . . .     Spirit   .   h - +2 leather armour {rC+}
rPois    .         Reflect  .   (no helmet)
rElec    .         Harm     .   (no cloak)
rCorr    .         Rampage  .   (no gloves)
Will     .....                  (no boots)
Stlth    ++........             f - amulet of the acrobat
HPRegen  0.15/turn              j - +6 ring of strength
MPRegen  0.10/turn              (no ring)

@: no status effects
A: no striking features
a: Renounce Religion, Wall of Briars


You were on level 3 of the Dungeon.
You worshipped Fedhas.
Fedhas was pleased with you.
You visited 1 branch of the dungeon, and saw 3 of its levels.

You collected 109 gold pieces.

Inventory:

Hand Weapons
 a - a +0 spear (weapon)
Missiles
 g - 3 boomerangs (quivered)
Armour
 h - a +2 leather armour of cold resistance (worn)
Jewellery
 f - an amulet of the acrobat (around neck)
 j - a +6 ring of strength (left hand)
Wands
 i - a wand of digging (5)
Scrolls
 e - a scroll of immolation
 m - a scroll of identify
Potions
 b - a potion of curing
 d - a potion of heal wounds
 l - a potion of mutation {unknown}


   Skills:
 + Level 3.6 Fighting
 + Level 4.4 Polearms
 + Level 1.8 Armour
 + Level 3.5 Dodging
 + Level 3.6 Stealth
 * Level 0.3 Invocations


You had 5 spell levels left.
You didn't know any spells.
Your spell library contained the following spells:

 Spells                   Type           Power      Damage    Failure   Level
 Summon Ice Beast         Ice/Summ       0%         N/A       99%         4
 Summon Mana Viper        Hex/Summ       0%         N/A       100%        5
 Monstrous Menagerie      Summ           0%         N/A       100%        7


Dungeon Overview and Level Annotations

Branches:
Dungeon (3/15)

Altars:
Fedhas


Message History

The orc barely misses you.
You reach to attack!
You hit the orc but do no damage. The orc hits you but does no damage.
You reach to attack!
You hit the ogre.
The ogre is lightly wounded.
The orc closely misses you.
You barely miss the ogre.
The ogre is lightly wounded.
The ogre hits you with a +0 giant club!!
* * * LOW HITPOINT WARNING * * *
The orc hits you from afar with a +0 trident.
* * * LOW HITPOINT WARNING * * *
You are too injured to fight recklessly!
You are too injured to fight recklessly!
You are too injured to fight recklessly!
You are too injured to fight recklessly!
You are too injured to fight recklessly!
You are too injured to fight recklessly!
You are too injured to fight recklessly!
You are too injured to fight recklessly!
You are too injured to fight recklessly!
You are too injured to fight recklessly!
You are too injured to fight recklessly!
You are too injured to fight recklessly!
You are too injured to fight recklessly!
You are too injured to fight recklessly!
You are too injured to fight recklessly!
You are too injured to fight recklessly!
Things that are here:
a +0 club; a goblin corpse; a hobgoblin corpse
Found an escape hatch in the floor.
Found a flail.
Press: ? - help, v - describe, . - travel An escape hatch in the floor.
The orc curses noisily, as Orcs often do.
There is an escape hatch in the floor here.
The ogre misses you.
The orc hits you from afar with a +0 trident!
You die...
Fedhas appreciates your contribution to the ecosystem.

###### #.# #.......# .....# #.#
#.......# .....# #.# #.......#
.....### #.#########.....))#
.......#####.#.....).#.......#
.............#.......#.......#
.....#..######.......###.#####
.....##.######.......###.#######
..............oO@...............
#.#####..#####.......###.#######
#. ##.## ##+###### #.# #. #o.#
####.###### # ##.# #.........#
#) #.# #.........# #.#######)##
#.........### #..........#
#............ #..........#
#.........###


You could see an ogre and an orc.

Vanquished Creatures
  Jessica (D:3)
  An orc wizard (D:3)
  Terence (D:3)
  Natasha (thrice) (D:3)
  3 adders
  A dart slug (D:1)
  3 orcs (D:3)
  3 bats
  4 endoplasms
  2 giant cockroaches
  2 goblins
  6 hobgoblins
  3 kobolds
  3 quokkas
  4 ball pythons
  4 frilled lizards
  3 rats (D:2)
47 creatures vanquished.

Notes
Turn   | Place    | Note
-------+----------+-------------------------------------------
     0 | D:1      | Gabide the Human Monk began the quest for the Orb.
     0 | D:1      | Reached XP level 1. HP: 18/18 MP: 1/1
    68 | D:1      | Reached XP level 2. HP: 21/24 MP: 2/2
  1012 | D:1      | Reached XP level 3. HP: 25/29 MP: 3/3
  1501 | D:2      | Reached XP level 4. HP: 35/35 MP: 4/4
  1621 | D:3      | Reached skill level 4 in Polearms
  1709 | D:3      | Found a blossoming altar of Fedhas.
  1727 | D:3      | Noticed Terence
  1750 | D:3      | Killed Terence
  1751 | D:3      | Reached XP level 5. HP: 9/41 MP: 5/5
  2105 | D:3      | Became a worshipper of Fedhas Madash
  2105 | D:3      | Reached * piety under Fedhas
  2105 | D:3      | Reached ** piety under Fedhas
  2259 | D:3      | Noticed Natasha
  2271 | D:3      | Killed Natasha
  2439 | D:3      | Noticed Natasha
  2459 | D:3      | Killed Natasha
  2677 | D:3      | Noticed Jessica
  2684 | D:3      | Killed Jessica
  2685 | D:3      | Reached skill level 1 in Armour
  2685 | D:3      | Reached XP level 6. HP: 43/47 MP: 6/6
  2772 | D:3      | Noticed Natasha
  2787 | D:3      | Killed Natasha
  2867 | D:3      | Noticed an ogre
  2874 | D:3      | HP: 2/47 [orc (5)]
  2893 | D:3      | Slain by an orc

Illustrated notes

Levels and vault maps discovered:
D:1:      ebering_trefoil_3fold, layout_rooms, minmay_octomino_j4
D:2:      layout_rooms, minmay_circle_x
D:3:      layout_basic, mainiacjoe_overflow_boulevard, uniq_jessica,
          uniq_natasha, uniq_terence

Skill      XL: |  1  2  3  4  5 |
---------------+----------------+-----
Polearms       | 4 |  4.4
Stealth        | 3 |  3.6
Armour         | 1 |  1.8
Fighting       | |  3.6
Dodging        | |  3.5
Invocations    | |  0.3

Action                   |  1- 3 |  4- 6 || total
-------------------------+-------+-------++-------
Melee: Spear             |   106 |   129 ||   235
Throw: Boomerang         |     3 |     1 ||     4
  Use: Scroll            |     8 |     2 ||    10
 Stab: Sleeping          |     6 |     2 ||     8
Armor: Robe              |     8 |       ||     8
       Leather armour    |    19 |    31 ||    50
Dodge: Dodged            |    44 |    56 ||   100
